TOP OF THE 1ST |
Houston Colt .45's batting - Pitching for Portland Angels : RHP Marcell Luciano
|
Pitching: RHP Marcell Luciano
|
|
Batting: RHB Ralph Baltimore
|
0-0: Called Strike 0-1: Swinging Strike 0-2: Strikes out swinging
|
Batting: RHB Jonathan Rausch
|
0-0: Ball 1-0: Ball 2-0: Foul Ball, location: 2F 2-1: Fly out, F7 (Line Drive, 7, EV 91.9 MPH)
|
Batting: LHB Vecdi Hodensack
|
0-0: Called Strike 0-1: Foul Ball, location: 2F 0-2: Ball 1-2: Ball 2-2: TRIPLE (Groundball, 3L, EV 105.6 MPH)
|
Batting: LHB Gong Tow
|
0-0: Fly out, F8 (Flyball, 78S, EV 88.8 MPH)
|
Top of the 1st over - 0 runs, 1 hit, 0 errors, 1 left on base; Houston 0 - Portland 0 |
BOTTOM OF THE 1ST |
Portland Angels batting - Pitching for Houston Colt .45's : RHP Kuaika Anakala
|
Pitching: RHP Kuaika Anakala
|
|
Batting: RHB Ken Beck
|
0-0: Ball 1-0: Foul Ball, location: 2F 1-1: Fly out, F7 (Flyball, 78M, EV 76.2 MPH)
|
Batting: RHB Alex Rosaly
|
0-0: Swinging Strike 0-1: Ball 1-1: Called Strike 1-2: Ball 2-2: Strikes out swinging
|
Batting: LHB Jon Rahn
|
0-0: Called Strike 0-1: Ball 1-1: Foul Ball, location: 2F 1-2: Fly out, F8 (Flyball, 8RD, EV 86.2 MPH)
|
Bottom of the 1st over - 0 runs, 0 hits, 0 errors, 0 left on base; Houston 0 - Portland 0 |
TOP OF THE 2ND |
Houston Colt .45's batting - Pitching for Portland Angels : RHP Marcell Luciano
|
Batting: RHB Fernan Tedeschi
|
0-0: Ball 1-0: Ball 2-0: Foul Ball, location: 2F 2-1: Ground out 4-3 (Groundball, 4S, EV 80.6 MPH)
|
Batting: RHB Doug Dark
|
0-0: Foul Ball, location: 2F 0-1: Ball 1-1: Ball 2-1: Foul Ball, location: 2F 2-2: Strikes out looking
|
Batting: LHB Casper Significant
|
0-0: Ground out 4-3 (Groundball, 4, EV 85.6 MPH)
|
Top of the 2nd over - 0 runs, 0 hits, 0 errors, 0 left on base; Houston 0 - Portland 0 |
BOTTOM OF THE 2ND |
Portland Angels batting - Pitching for Houston Colt .45's : RHP Kuaika Anakala
|
Batting: RHB Joe Keough
|
0-0: SINGLE (Groundball, 56S, EV 63.8 MPH) (infield hit)
|
Batting: RHB Jayden Hollaway
|
0-0: Foul Ball, location: 2F 0-1: Foul Ball, location: 2F 0-2: Ball 1-2: Strikes out swinging
|
Batting: LHB John Harvey
|
0-0: Foul Ball, location: 2F 0-1: Called Strike 0-2: Fly out, F8 (Flyball, 8RD, EV 99.4 MPH)
|
Batting: LHB Lourens Aukema
|
0-0: Swinging Strike 0-1: Ball 1-1: Ball Wild Pitch! Joe Keough to second 2-1: Ball 3-1: Called Strike 3-2: Base on Balls
|
Batting: RHB Bob Dewar
|
0-0: Fly out, F7 (Flyball, 78S, EV 89.4 MPH)
|
Bottom of the 2nd over - 0 runs, 1 hit, 0 errors, 2 left on base; Houston 0 - Portland 0 |
TOP OF THE 3RD |
Houston Colt .45's batting - Pitching for Portland Angels : RHP Marcell Luciano
|
Batting: RHB Jay Hussey
|
0-0: Ball 1-0: Foul Ball, location: 2F 1-1: Fly out, F7 (Line Drive, 7S, EV 91.9 MPH)
|
Batting: RHB Chris Jordan
|
0-0: Ball 1-0: Ground out 6-3 (Groundball, 6M, EV 80.6 MPH)
|
Batting: RHB Ralph Baltimore
|
0-0: Ball 1-0: Called Strike 1-1: Fly out, F9 (Flyball, 9S, EV 86.2 MPH)
|
Top of the 3rd over - 0 runs, 0 hits, 0 errors, 0 left on base; Houston 0 - Portland 0 |
BOTTOM OF THE 3RD |
Portland Angels batting - Pitching for Houston Colt .45's : RHP Kuaika Anakala
|
Batting: LHB Matt Herndon
|
0-0: Called Strike 0-1: Ball 1-1: Swinging Strike 1-2: Ball 2-2: Strikes out swinging
|
Batting: RHB Ken Beck
|
0-0: SINGLE (Groundball, 34, EV 102.5 MPH)
|
Batting: RHB Alex Rosaly
|
0-0: Ball 1-0: Ball 2-0: Called Strike 2-1: Swinging Strike 2-2: Strikes out swinging
|
Batting: LHB Jon Rahn
|
0-0: Called Strike 0-1: Swinging Strike 0-2: Hit by Pitch Ken Beck to second
|
Batting: RHB Joe Keough
|
0-0: Called Strike 0-1: Foul Ball, location: 2F 0-2: Ball 1-2: Ball 2-2: Ball Wild Pitch! Ken Beck to third Jon Rahn to second 3-2: Foul Ball, location: 2F 3-2: Ground out 4-3 (Groundball, 4, EV 80.6 MPH)
|
Bottom of the 3rd over - 0 runs, 1 hit, 0 errors, 2 left on base; Houston 0 - Portland 0 |
TOP OF THE 4TH |
Houston Colt .45's batting - Pitching for Portland Angels : RHP Marcell Luciano
|
Batting: RHB Jonathan Rausch
|
0-0: Ball 1-0: SINGLE (Line Drive, 89M, EV 106.2 MPH)
|
Batting: LHB Vecdi Hodensack
|
0-0: Called Strike 0-1: Swinging Strike 0-2: Strikes out swinging
|
Batting: LHB Gong Tow
|
0-0: Ball 1-0: Swinging Strike 1-1: Foul Ball, location: 2F 1-2: Foul Ball, location: 2F 1-2: Foul Ball, location: 2F 1-2: Ball 2-2: Strikes out swinging
|
Batting: RHB Fernan Tedeschi
|
0-0: Called Strike 0-1: Ball 1-1: Ground out 4-3 (Groundball, 4, EV 104.4 MPH)
|
Top of the 4th over - 0 runs, 1 hit, 0 errors, 1 left on base; Houston 0 - Portland 0 |
BOTTOM OF THE 4TH |
Portland Angels batting - Pitching for Houston Colt .45's : RHP Kuaika Anakala
|
Batting: RHB Jayden Hollaway
|
0-0: Ground out 5-3 (Groundball, 5, EV 86.9 MPH)
|
Batting: LHB John Harvey
|
0-0: Called Strike 0-1: Ground out 4-3 (Groundball, 4S, EV 90.6 MPH)
|
Batting: LHB Lourens Aukema
|
0-0: Swinging Strike 0-1: SINGLE (Groundball, 4D, EV 99.4 MPH)
|
Batting: RHB Bob Dewar
|
0-0: Ball Lourens Aukema is caught stealing 2nd base 2-4
|
Bottom of the 4th over - 0 runs, 1 hit, 0 errors, 0 left on base; Houston 0 - Portland 0 |
TOP OF THE 5TH |
Houston Colt .45's batting - Pitching for Portland Angels : RHP Marcell Luciano
|
Batting: RHB Doug Dark
|
0-0: DOUBLE (Line Drive, 89XD, EV 102.5 MPH)
|
Batting: LHB Casper Significant
|
0-0: Ball 1-0: Called Strike 1-1: Ball 2-1: Foul Ball, location: 2F 2-2: Ball 3-2: Foul Ball, location: 2F 3-2: Fly out, F6 (Line Drive, 6, EV 70.6 MPH) Lined into DP, 6-4 (Line Drive, 6, EV 75.6 MPH)
|
Batting: RHB Jay Hussey
|
0-0: Called Strike 0-1: Foul Ball, location: 2F 0-2: Fly out, F7 (Flyball, 7D, EV 106.9 MPH)
|
Top of the 5th over - 0 runs, 1 hit, 0 errors, 0 left on base; Houston 0 - Portland 0 |
BOTTOM OF THE 5TH |
Portland Angels batting - Pitching for Houston Colt .45's : RHP Kuaika Anakala
|
Batting: RHB Bob Dewar
|
0-0: Ball 1-0: Foul Ball, location: 2F 1-1: Swinging Strike 1-2: Ball 2-2: SINGLE (Line Drive, 8RS, EV 107.5 MPH)
|
Batting: LHB Matt Herndon
|
0-0: Ball 1-0: Grounds into double play, 4-6-3 (Groundball, 4, EV 84.4 MPH)
|
Batting: RHB Ken Beck
|
0-0: Ball 1-0: Fly out, F8 (Flyball, 8LXD, EV 98.1 MPH)
|
Bottom of the 5th over - 0 runs, 1 hit, 0 errors, 0 left on base; Houston 0 - Portland 0 |
TOP OF THE 6TH |
Houston Colt .45's batting - Pitching for Portland Angels : RHP Marcell Luciano
|
Batting: RHB Chris Jordan
|
0-0: Ball 1-0: Swinging Strike 1-1: Foul Ball, location: 2F 1-2: Foul Ball, location: 2F 1-2: Strikes out swinging
|
Batting: RHB Ralph Baltimore
|
0-0: Ball 1-0: Called Strike 1-1: Called Strike 1-2: Strikes out looking
|
Batting: RHB Jonathan Rausch
|
0-0: Called Strike 0-1: Foul Ball, location: 2F 0-2: Fly out, F4 (Popup, 34D, EV 46.2 MPH)
|
Top of the 6th over - 0 runs, 0 hits, 0 errors, 0 left on base; Houston 0 - Portland 0 |
BOTTOM OF THE 6TH |
Portland Angels batting - Pitching for Houston Colt .45's : RHP Kuaika Anakala
|
Batting: RHB Alex Rosaly
|
0-0: Ball 1-0: Foul Ball, location: 2F 1-1: Called Strike 1-2: Strikes out swinging
|
Batting: LHB Jon Rahn
|
0-0: Ball 1-0: Ball 2-0: Ball 3-0: Called Strike 3-1: Foul Ball, location: 2F 3-2: Foul Ball, location: 2F 3-2: Foul Ball, location: 2F 3-2: Strikes out swinging
|
Batting: RHB Joe Keough
|
0-0: Called Strike 0-1: Foul Ball, location: 2F 0-2: Foul Ball, location: 2F 0-2: SINGLE (Groundball, 4MD, EV 105.0 MPH)
|
Batting: RHB Jayden Hollaway
|
0-0: SINGLE (Groundball, 6D, EV 101.2 MPH) Joe Keough to second
|
Pitching: RHP Jason LaPage
|
|
Batting: LHB John Harvey
|
0-0: Foul Ball, location: 2F 0-1: Foul Ball, location: 2F 0-2: Foul Ball, location: 2F 0-2: Ball 1-2: Ball 2-2: Strikes out swinging
|
Bottom of the 6th over - 0 runs, 2 hits, 0 errors, 2 left on base; Houston 0 - Portland 0 |
TOP OF THE 7TH |
Houston Colt .45's batting - Pitching for Portland Angels : RHP Marcell Luciano
|
Batting: LHB Vecdi Hodensack
|
0-0: Ground out 6-3 (Groundball, 6, EV 107.5 MPH)
|
Batting: LHB Gong Tow
|
0-0: Called Strike 0-1: Ball 1-1: Foul Ball, location: 2F 1-2: Ball 2-2: Ball 3-2: Base on Balls
|
Pitching: RHP David Celestine
|
|
Batting: RHB Fernan Tedeschi
|
0-0: Ball 1-0: Ball Gong Tow steals 2nd base 2-0: Foul Ball, location: 2F 2-1: Foul Ball, location: 2F 2-2: Strikes out swinging
|
Pinch Hitting: RHB Edward Chan
|
0-0: Ball 1-0: Ball 2-0: Called Strike 2-1: Called Strike 2-2: Ball 3-2: Ground out 5-3 (Groundball, 56S, EV 91.2 MPH)
|
Top of the 7th over - 0 runs, 0 hits, 0 errors, 1 left on base; Houston 0 - Portland 0 |
BOTTOM OF THE 7TH |
Portland Angels batting - Pitching for Houston Colt .45's : RHP Jason LaPage
|
Now at 1B: Devon Healy
|
|
Batting: LHB Lourens Aukema
|
0-0: Swinging Strike 0-1: Ball 1-1: Foul Ball, location: 2F 1-2: Ball 2-2: Strikes out swinging
|
Batting: RHB Bob Dewar
|
0-0: Swinging Strike 0-1: Swinging Strike 0-2: Ball 1-2: Strikes out swinging
|
Batting: LHB Matt Herndon
|
0-0: Called Strike 0-1: Ball 1-1: Foul Ball, location: 2F 1-2: Strikes out swinging
|
Bottom of the 7th over - 0 runs, 0 hits, 0 errors, 0 left on base; Houston 0 - Portland 0 |
TOP OF THE 8TH |
Houston Colt .45's batting - Pitching for Portland Angels : RHP David Celestine
|
Batting: LHB Casper Significant
|
0-0: Foul Ball, location: 2F 0-1: Foul Ball, location: 2F 0-2: Ball 1-2: Fly out, F5 (Popup, 5SF, EV 76.9 MPH)
|
Batting: RHB Jay Hussey
|
0-0: Called Strike 0-1: Called Strike 0-2: Strikes out looking
|
Batting: RHB David Snyder
|
0-0: Called Strike 0-1: Ground out 5-3 (Groundball, 56, EV 79.4 MPH)
|
Top of the 8th over - 0 runs, 0 hits, 0 errors, 0 left on base; Houston 0 - Portland 0 |
BOTTOM OF THE 8TH |
Portland Angels batting - Pitching for Houston Colt .45's : RHP Jason LaPage
|
Pinch Hitting: RHB Jose Garduno
|
0-0: Ball 1-0: Swinging Strike 1-1: Foul Ball, location: 2F 1-2: Foul Ball, location: 2F 1-2: Strikes out swinging
|
Batting: RHB Alex Rosaly
|
0-0: Ball 1-0: Ball 2-0: Fly out, F7 (Flyball, 7D, EV 97.5 MPH)
|
Pitching: LHP Jim Leeman
|
|
Batting: LHB Jon Rahn
|
0-0: SOLO HOME RUN (Flyball, 9D, EV 94.4 MPH), Distance : 362 ft
|
Pitching: RHP Howard Hoult
|
|
Batting: RHB Joe Keough
|
0-0: Called Strike 0-1: Foul Ball, location: 2F 0-2: Ball 1-2: Foul Ball, location: 2F 1-2: Foul Ball, location: 2F 1-2: Ball 2-2: Ball 3-2: Foul Ball, location: 2F 3-2: SOLO HOME RUN (Flyball, 7D, EV 93.1 MPH), Distance : 353 ft
|
Batting: RHB Jayden Hollaway
|
0-0: Swinging Strike 0-1: Called Strike 0-2: Foul Ball, location: 2F 0-2: Ball 1-2: Foul Ball, location: 2F 1-2: Foul Ball, location: 2F 1-2: Foul Ball, location: 2F 1-2: Ground out 1-3 (Groundball, 25, EV 69.4 MPH)
|
Bottom of the 8th over - 2 runs, 2 hits, 0 errors, 0 left on base; Houston 0 - Portland 2 |
TOP OF THE 9TH |
Houston Colt .45's batting - Pitching for Portland Angels : RHP David Celestine
|
Pitching: RHP Chad Kraemer
|
|
Now at 2B: Eric Hays
|
|
Now at SS: John Harvey
|
|
Now in CF: Dan Contreras
|
|
Now in RF: Miguel Hernandez
|
|
Batting: RHB Ralph Baltimore
|
0-0: Foul Ball, location: 2F 0-1: Swinging Strike 0-2: Strikes out swinging
|
Batting: RHB Jonathan Rausch
|
0-0: Ball 1-0: Ball 2-0: Ball 3-0: Called Strike 3-1: Called Strike 3-2: Fly out, F8 (Line Drive, 8RD, EV 103.8 MPH)
|
Batting: LHB Vecdi Hodensack
|
0-0: Swinging Strike 0-1: SOLO HOME RUN (Flyball, 9D, EV 95.0 MPH), Distance : 351 ft
|
Pitching: LHP Ismael Flores
|
|
Batting: LHB Gong Tow
|
0-0: Called Strike 0-1: Foul Ball, location: 2F 0-2: Ball 1-2: Strikes out swinging
|
Top of the 9th over - 1 run, 1 hit, 0 errors, 0 left on base; Houston 1 - Portland 2 |
|